 Dungeon Crawl Stone Soup version 0.25-a0-670-g50981ef59b (webtiles) character file.

Game seed: 14992213714345311193, levelgen mode: deterministic

163 Mehrunes the Chopper (level 5, -2/47 HPs)
             Began as a Hill Orc Fighter on Mar 29, 2020.
             Killed by nerve-wracking pain
             ... invoked by an orc priest
              (14 damage)
             ... on level 1 of the Dungeon.
             The game lasted 00:04:18 (1715 turns).

Mehrunes the Chopper (Hill Orc Fighter)             Turns: 1715, Time: 00:04:19

Health: -2/47      AC: 10    Str: 20    XL:     5   Next: 44%
Magic:  5/5        EV:  7    Int:  8    God:
Gold:   118        SH:  9    Dex: 10    Spells: 4/4 levels left

rFire    . . .     SeeInvis .   a - +0 war axe
rCold    . . .     Gourm    .   c - +0 kite shield
rNeg     . . .     Faith    .   b - +0 scale mail
rPois    .         Spirit   .   o - +2 hat
rElec    .         Reflect  .   (no cloak)
rCorr    .         Harm     .   (no gloves)
MR       .....                  m - +0 pair of boots
Stlth    ..........             (no amulet)
HPRegen  0.15/turn              (no ring)
MPRegen  0.09/turn              (no ring)

@: no status effects
A: no striking features
a: Convert to Beogh


You were on level 1 of the Dungeon.
You were not hungry.

You visited 1 branch of the dungeon, and saw 2 of its levels.

You collected 118 gold pieces.

Inventory:

Hand Weapons
 a - a +0 war axe (weapon)
 k - a +0 whip of freezing
Armour
 b - a +0 scale mail (worn)
 c - a +0 kite shield (worn)
 m - a +0 pair of boots (worn)
 o - a +2 hat (worn)
Scrolls
 e - 3 scrolls of remove curse {unknown}
 h - 2 scrolls of identify {unknown}
 i - a scroll of teleportation {unknown}
 j - a scroll of magic mapping {unknown}
 l - a scroll of amnesia {unknown}
Potions
 g - a potion of berserk rage {unknown}
 n - a potion of stabbing {unknown}
Comestibles
 d - a chunk of flesh
 f - 2 rations


   Skills:
 + Level 4.5 Fighting
 * Level 5.0 Axes
 + Level 4.1 Armour
 + Level 4.1 Shields


You had 4 spell levels left.
You didn't know any spells.
Your spell library was empty.

Dungeon Overview and Level Annotations

Branches:
Dungeon (2/15)

Altars:


Message History

An orc is nearby!
The orc shouts!
You hear a shout!
An orc priest comes into view. It is wielding a +1 mace of protection.
The orc priest shouts, "Surrender to Beogh and we'll let you live!" (press Y on the ability menu to convert to Beogh)
The orc priest shouts!
The orc priest calls down the wrath of Beogh upon you.
Beogh smites you!
An orc comes into view. It is wielding a +0 falchion.
The orc priest calls down the wrath of Beogh upon you.
Pain shoots through your body!
* * * LOW HITPOINT WARNING * * *
There is a stone staircase leading up here.
You climb upwards.
There is a stone staircase leading down here.
The orc priest shouts, "Surrender to Beogh and we'll let you live!"
You hit the orc priest but do no damage.
The orc priest calls down the wrath of Beogh upon you.
Pain shoots through your body!
You die...

#####........##.#
#...........#
##.......##.#
##########.......##.#
.........#.......##.#
########.#.......>..#
# #.#.##รท####### #
#.#.##.####### #
#.#......@o..#
########.#.##.#####.#
##.........##.# #.#
##.#####.#.##.# #.#
##.# #.#.##.# #.#
##.# #.#.##.# #.#
#..# #.#.#..# #.#
#.## #.#.#.######.###
#.# #.#............#


You could see an orc priest.

Vanquished Creatures
  A jelly (D:1)
  A hound (D:2)
  Jessica (D:2)
  2 adders (D:2)
  An ooze (D:1)
  A dart slug (D:1)
  7 bats (D:1)
  11 giant cockroaches (D:1)
  6 goblins
  4 hobgoblins
  5 jackals (D:1)
  2 kobolds (D:1)
  3 ball pythons (D:2)
  2 frilled lizards (D:1)
  4 rats (D:1)
51 creatures vanquished.

Notes
Turn   | Place    | Note
-------+----------+-------------------------------------------
     0 | D:1      | Mehrunes the Hill Orc Fighter began the quest for the Orb.
     0 | D:1      | Reached XP level 1. HP: 19/19 MP: 1/1
     0 | D:1      | Noticed a jelly
     1 | D:1      | Found a runed translucent door.
    62 | D:1      | Reached skill level 3 in Axes
    83 | D:1      | Reached XP level 2. HP: 15/27 MP: 2/2
   434 | D:1      | Reached XP level 3. HP: 33/33 MP: 3/3
  1002 | D:1      | Reached skill level 4 in Axes
  1025 | D:1      | Reached XP level 4. HP: 12/40 MP: 4/4
  1281 | D:2      | Noticed Jessica
  1294 | D:2      | Killed Jessica
  1296 | D:2      | Reached XP level 5. HP: 20/47 MP: 5/5
  1675 | D:2      | Reached skill level 5 in Axes
  1715 | D:1      | Killed from afar by an orc priest

Levels and vault maps discovered:
D:1:      dpeg_arrival_caged_fury, layout_loops_ring
D:2:      layout_basic, uniq_jessica

Skill      XL: |  1  2  3  4  5 |
---------------+----------------+-----
Axes           | 3 4 5 |  5.0
Fighting       | 4 |  4.5
Armour         | 4 |  4.1
Shields        | 4 |  4.1

Action                   |  1- 3 |  4- 6 || total
-------------------------+-------+-------++-------
Melee: War axe           |   128 |    56 ||   184
  Use: Potion            |       |     1 ||     1
  Eat: Chunk             |     1 |     2 ||     3
Armor: Scale mail        |    87 |    29 ||   116
Dodge: Dodged            |    52 |    16 ||    68
Block: Kite shield       |    90 |    35 ||   125

Table legend:
 A = Non-vault XP
 B = Vault XP
 C = Vault XP percentage of total XP
 D = Non-vault monster count
 E = Vault monster count
 F = Vault count percentage of total count
                 A         B        C        D         E       F
            +---------+---------+-------+---------+---------+-------
      Total |     118 |     115 |  49.4 |      34 |      17 |  33.3
            +---------+---------+-------+---------+---------+-------
        D:1 |      44 |      78 |  63.9 |      26 |      16 |  38.1
        D:2 |      74 |      37 |  33.3 |       8 |       1 |  11.1
            +---------+---------+-------+---------+---------+-------
